Map: Abyssal Reef LE

Players

LiquidMaNa (MaNa)

  • Race: Protoss Protoss
  • League: Grandmaster
  • Spawn Location: 11:00

HeroMarine - Winner!

  • Race: Terran Terran
  • Spawn Location: 5:00

Event: HomeStory Cup XXVI

VOD

Have the link to the VOD?

Description

Time

  • Played on: Nov. 30, 2024, 7:39 a.m.
  • Length: 8:31

All games in this series

Show
View Real Time Build Order
Export as new Build Order

LiquidMaNa Protoss 

Build Orders: 1 Gate Expand, Blink Stalkers 

Get SALT Encoding   

  12  0:00  Probe  
  13  0:12  Probe  
  14  0:17  Pylon  
  14  0:23  Probe  
  15  0:31  Probe  
  15  0:37  Gateway  
  15  0:39  Probe  
  16  0:46  Assimilator  
  17  0:50  Probe  
  18  1:03  Probe  
  19  1:15  Probe  
  20  1:25  Cybernetics Core  
  20  1:27  Probe  
  21  1:37  Nexus  
  21  1:45  Pylon  
  21  1:46  Probe  
  22  1:53  Assimilator, Adept  
  22  1:58  Probe  
  23  2:04  Warp Gate  
  25  2:11  Probe  
  26  2:20  Stalker  
  26  2:23  Probe  
  29  2:34  Probe  
  29  2:35  Twilight Council  
  30  2:38  Stalker  
  30  2:42  Probe  
  30  2:49  Probe  
  34  2:52  Probe  
  34  2:55  Shield Battery  
  34  2:58  Blink  
  35  3:01  Probe  
  35  3:04  Probe  
  37  3:07  Stalker  
  39  3:13  Probe  
  39  3:19  Probe  
  41  3:25  Probe  
  42  3:29  Pylon  
  42  3:31  Probe  
  43  3:36  Robotics Facility  
  43  3:38  Probe  
  44  3:43  Probe  
  45  3:50  Probe  
  45  3:53  Stalker  
  45  3:54  Pylon  
  48  3:56  Probe  
  48  4:02  Probe  
  50  4:09  Probe  
  51  4:10  Gateway  
  51  4:12  Gateway  
  51  4:14  Gateway  
  47  4:22  Stalker  
  47  4:23  Observer, Probe x2  
  46  4:42  Probe  
  46  4:44  Warp Prism, Probe  
  48  4:50  Probe  
  48  4:58  Nexus, Probe  
  49  5:01  Probe  
  51  5:08  Stalker, Sentry  
  51  5:11  Probe  
  51  5:13  Charge  
  56  5:14  Probe  
  56  5:17  Stalker  
  59  5:23  Probe  
  59  5:27  Forge  
  60  5:30  Pylon  
  60  5:32  Assimilator  
  60  5:45  Pylon  
  60  5:46  Pylon  
  60  5:52  Probe x2  
  61  5:59  Protoss Ground Weapons Level 1  
  61  6:06  Gateway  
  61  6:07  Gateway  
  61  6:08  Gateway  
  61  6:10  Gateway  
  61  6:12  Robotics Bay  
  61  6:15  Probe  
  61  6:16  Probe x2  
  64  6:24  Stalker x2  
  68  6:28  Zealot x2  
  72  6:34  Probe x3  
  72  6:39  Pylon  
  75  6:46  Colossus  
  75  6:47  Probe x3  
  75  6:51  Shield Battery  
  78  6:57  Zealot  
  78  6:58  Zealot x3  
  92  7:12  Stalker x2  
  92  7:13  Zealot  
  87  7:24  Zealot x5  
  95  7:33  Colossus  
  95  7:36  Zealot x3  
  107  7:46  Zealot x2  
  107  7:49  Zealot  
  107  7:50  Zealot  
  83  8:00  Zealot x3  
  83  8:01  Zealot  
  71  8:09  Probe x2  
  71  8:12  Zealot x2  
Show
View Real Time Build Order
Export as new Build Order

HeroMarine Terran - Winner!

Build Orders: Cyclone Opening 

Get SALT Encoding   

  12  0:00  SCV  
  13  0:12  SCV  
  14  0:17  Supply Depot  
  14  0:24  SCV  
  15  0:38  SCV  
  15  0:39  Barracks  
  16  0:43  Refinery  
  16  0:50  SCV  
  16  0:53  Refinery  
  17  1:02  SCV  
  18  1:15  SCV  
  19  1:27  Orbital Command, Reaper  
  20  1:41  Factory  
  20  1:46  Supply Depot  
  20  1:52  SCV  
  21  1:59  Barracks Reactor  
  21  2:04  SCV  
  22  2:15  Command Center  
  22  2:17  SCV  
  23  2:29  SCV  
  26  2:30  Factory Tech Lab  
  24  2:37  Starport  
  24  2:39  Supply Depot  
  24  2:41  SCV  
  27  2:53  Cyclone  
  27  2:54  SCV  
  27  2:57  Marine  
  30  3:00  Marine  
  31  3:06  SCV  
  32  3:13  Medivac  
  32  3:15  Marine  
  32  3:18  SCV, Marine  
  37  3:31  SCV  
  37  3:33  Marine  
  39  3:35  Siege Tank, Marine  
  43  3:43  SCV  
  43  3:47  Orbital Command  
  43  3:48  Supply Depot  
  44  3:51  Marine  
  44  3:53  Starport Tech Lab  
  44  3:55  SCV, Marine  
  47  4:07  SCV, Siege Tank  
  50  4:12  Marine  
  50  4:13  Marine  
  50  4:14  SCV  
  53  4:19  SCV  
  54  4:26  SCV  
  54  4:28  Barracks  
  54  4:30  Marine  
  56  4:31  Marine  
  56  4:32  SCV  
  58  4:38  SCV  
  58  4:42  Raven  
  58  4:45  SCV  
  60  4:49  Barracks  
  62  4:54  Supply Depot  
  62  4:55  SCV  
  62  4:57  SCV  
  62  4:58  Engineering Bay, Refinery  
  62  5:08  SCV, Marine x2, Siege Tank  
  62  5:09  SCV  
  62  5:10  Bunker  
  69  5:20  SCV  
  69  5:21  SCV  
  71  5:23  Refinery  
  71  5:24  Supply Depot  
  71  5:29  Terran Infantry Weapons Level 1  
  71  5:33  SCV x2, Marine x2  
  75  5:36  Stimpack  
  75  5:37  Marine  
  76  5:45  SCV  
  76  5:49  Factory Tech Lab  
  77  5:50  Marine  
  77  5:51  Supply Depot, Marine  
  77  5:52  Marine  
  77  5:53  Combat Shield  
  77  5:54  Starport Reactor  
  77  5:55  Marine  
  77  5:56  SCV  
  82  5:58  SCV  
  83  6:05  Supply Depot  
  83  6:09  Siege Tank  
  85  6:13  Marauder x2  
  85  6:14  Supply Depot  
  85  6:15  Marine  
  85  6:17  Marine  
  91  6:22  Missile Turret  
  91  6:28  Supply Depot  
  91  6:31  Medivac x2  
  95  6:34  Marauder  
  95  6:35  Marauder  
  95  6:39  Marine x2  
  104  6:48  Supply Depot  
  101  6:55  Marauder  
  101  6:56  SCV x2, Marauder, Factory Reactor  
  101  6:57  Marine x2  
  101  7:00  Medivac  
  101  7:01  Medivac  
  112  7:15  Marine x2  
  113  7:17  Marauder x2  
  111  7:28  SCV x2  
  108  7:30  Concussive Shells  
  108  7:33  Marine x2  
  110  7:38  Marauder  
  110  7:39  Marauder  
  110  7:40  SCV x2  
  114  7:50  Marine  
  114  7:51  Marine, Command Center  
  116  7:52  SCV x2  
  106  8:00  Marine, Marauder  
  95  8:08  Marine x2  
  95  8:09  Supply Depot  
Tags
 
Add a new tag
Caveats
  • Supply blocks, unpowered buildings, or Contaminate may cause inaccurate times.
  • Supply counts are checked every 10 seconds.